AoeStats
← NPG | FishCL

Pilgrims

508065945Analyzed
4v4 RM · 10d ago on Sep 20, 2026· 27m 9s· 8 players
Game mode
Random Map
Map size
Large (8 player)
Population
200
Speed
Normal
Resources
Standard
Victory
Conquest
Starting age
Dark Age
Ending age
Imperial Age
RankedLock teamsTeams togetherTeam positionsShared explorationLock speedFull tech treeHidden civsTurbo modeCheats
Victory
Defeat
🇺🇸 Tupi · United States
1547
+14
🇩🇪 Ethiopians · Germany
1502
+15
🇺🇸 Italians · United States
1486
+16
🇬🇷 Mongols · Greece
1479
+16
🇨🇱 Khmer · Chile
1553
-17
🇨🇱 Khitans · Chile
1547
-18
🇺🇸 Cumans · United States
1430
-13
🇨🇦 Vietnamese · Canada
1424
-13
busy pushing deer
10:49 Feudal Age
14:44 Castle Age
12:30 Double-Bit Axe
12:50 Fishing Lines
13:51 Stone Mining
14:09 Loom
15:03 Wheelbarrow
14:14 Town Watch
15:51 Bow Saw
16:02 Gillnets
16:18 Fletching
17:44 Bodkin Arrow
18:29 Padded Archer Armor
19:13 Ballistics
19:51 Horse Collar
22:39 Fervor
24:01 Hand Cart
29:04 Imperial Age
27:37 Silk Road
27:38 Leather Archer Armor
YOGRANNYCANTSCRAP
9:56 Loom
12:14 Feudal Age
12:43 Town Watch
17:36 Castle Age
17:26 Gold Mining
17:23 Double-Bit Axe
18:38 Fletching
19:54 Bodkin Arrow
jimmil
10:34 Feudal Age
10:22 Loom
15:56 Castle Age
15:12 Double-Bit Axe
16:17 Forging
17:01 Husbandry
17:28 Bow Saw
18:34 Wheelbarrow
19:32 Scale Barding Armor
26:08 Bloodlines
27:57 Chain Barding Armor
PanicWaller
6:36 Loom
10:26 Feudal Age
17:16 Castle Age
15:41 Fishing Lines
16:32 Double-Bit Axe
18:08 Medium Warships
18:49 Bow Saw
20:34 Gold Mining
21:37 Wheelbarrow
25:03 Imperial Age
23:43 Stone Mining
24:29 Gold Shaft Mining
25:13 Crossbowman
25:58 Thumb Ring
26:58 Chemistry
27:16 Ballistics
26:49 Fletching
27:00 Padded Archer Armor
Gaston
3:39 Loom
12:07 Feudal Age
13:33 Fishing Lines
15:25 Wheelbarrow
14:48 Gold Mining
14:58 Double-Bit Axe
19:56 Castle Age
18:13 Scale Barding Armor
18:21 Bloodlines
20:14 Forging
20:59 Chain Barding Armor
21:32 Capped Ram
NPG | FishCL
4:46 Loom
12:39 Feudal Age
17:19 Castle Age
15:05 Fishing Lines
17:57 Gillnets
20:44 Double-Bit Axe
22:17 Bow Saw
23:15 Fletching
AiM | PoRRo
6:23 Loom
12:21 Feudal Age
15:43 Castle Age
15:48 Double-Bit Axe
16:31 Scale Barding Armor
20:07 Bloodlines
Ranchy
11:52 Feudal Age
12:31 Double-Bit Axe
14:34 Loom
22:11 Castle Age
Connection lost

Rejoining the realm…

Still unreachable

The connection could not be restored.

Session expired

The server has moved on; the page needs a fresh start.